 Dungeon Crawl Stone Soup version 0.28-a0-1565-g95a8017c83 (webtiles) character file.

Game seed: 10361498410147796446

2119 sanka the Conjurer (level 9, -16/65 HPs)
             Began as a Gnoll Conjurer on Jan 19, 2022.
             Hit by a large rock thrown by a cyclops (21 damage)
             ... on level 6 of the Dungeon.
             The game lasted 00:09:25 (7329 turns).

sanka the Conjurer (Gnoll Conjurer)                 Turns: 7329, Time: 00:09:26

Health: -16/65     AC: 11    Str:  8    XL:     9   Next: 29%
Magic:  18/18      EV: 11    Int: 21    God:
Gold:   269        SH:  0    Dex: 10    Spells: 14/21 levels left

rFire   . . .      SeeInvis .   a - +6 dire flail
rCold   . . .      Faith    .   (shield currently unavailable)
rNeg    + . .      Spirit   .   s - +3 ring mail {rN+}
rPois   .          Reflect  .   (no helmet)
rElec   .          Harm     .   (no cloak)
rCorr   .          Rampage  .   x - +0 pair of gloves
Will    .....                   z - +0 pair of boots
Stlth   ++........              (no amulet)
HPRegen 0.20/turn               (no ring)
MPRegen 0.16/turn               h - ring of wizardry

@: no status effects
A: fangs 1, strong nose, distributed training
a: no special abilities


You were on level 6 of the Dungeon.
You visited 1 branch of the dungeon, and saw 6 of its levels.

You collected 269 gold pieces.


Innate Abilities, Weirdness & Mutations

You have very sharp teeth.
Your uncanny sense of smell can sniff out nearby items.
Your experience applies equally to all skills.


   Skills:
 + Level 4.1 Fighting
 + Level 4.1 Short Blades
 + Level 4.1 Long Blades
 + Level 4.1 Axes
 + Level 4.1 Maces & Flails
 + Level 4.1 Polearms
 + Level 4.1 Staves
 + Level 4.1 Slings
 + Level 4.1 Bows
 + Level 4.1 Crossbows
 + Level 4.1 Throwing
 + Level 4.1 Armour
 + Level 6.2 Dodging
 + Level 5.9 Stealth
 + Level 4.1 Shields
 + Level 4.1 Unarmed Combat
 + Level 6.5 Spellcasting
 + Level 7.9 Conjurations
 + Level 3.3 Hexes
 + Level 3.3 Summonings
 + Level 3.3 Necromancy
 + Level 3.3 Translocations
 + Level 3.3 Transmutations
 + Level 3.3 Fire Magic
 + Level 3.3 Ice Magic
 + Level 3.3 Air Magic
 + Level 3.3 Earth Magic
 + Level 3.3 Poison Magic
 + Level 4.5 Invocations
 + Level 4.1 Evocations


You had 14 spell levels left.
You knew the following spells:

 Your Spells              Type           Power      Damage    Failure   Level
x - Searing Ray           Conj           80%        2d7       1%          2
z - Magic Dart            Conj           100%       1d8       1%          1
Z - Fulminant Prism       Conj/Hex       15%        3d11      11%         4

Your spell library contained the following spells:

 Spells                   Type           Power      Damage    Failure   Level
 Animate Skeleton         Necr           42%        N/A       2%          1
 Pain                     Necr           84%        1d8       2%          1
 Dazzling Flash           Conj/Hex       60%        N/A       3%          3
 Vampiric Draining        Necr           21%        2d7       8%          3
 Iskenderun's Mystic Bla  Conj/Tloc      30%        2d8       11%         4

Inventory:

Hand Weapons
 a - a +6 dire flail (weapon)
 b - a +0 dagger of venom
Missiles
 i - a throwing net {=f}
 p - 5 curare-tipped darts {=f}
 u - 5 silver javelins
Armour
 r - a +0 robe
 s - a +3 ring mail of positive energy (worn)
 x - a +0 pair of gloves (worn)
 z - a +0 pair of boots (worn)
Jewellery
 h - a ring of wizardry (right hand)
 m - a +6 ring of intelligence
 y - a ring of flight
Scrolls
 d - 2 scrolls of magic mapping {unknown}
 e - 5 scrolls of teleportation {unknown}
 f - 3 scrolls of identify {unknown}
 g - a scroll of brand weapon {unknown}
 j - 3 scrolls of amnesia {unknown}
 l - a scroll of enchant weapon {unknown}
 n - 4 scrolls of fear {unknown}
 o - 2 scrolls of vulnerability {unknown}
 v - a scroll of noise {unknown}
 w - 2 scrolls of enchant armour {unknown}
Potions
 c - 2 potions of berserk rage {unknown}
 k - 3 potions of curing {unknown}
 q - a potion of cancellation {unknown}
 t - 3 potions of heal wounds {unknown}

Dungeon Overview and Level Annotations

Branches:
Dungeon (6/15)
 Temple: D:4-7

Altars:
Sif Muna
Xom
Yredelemnul
The Shining One

Shops:
D:2 (?:

Annotations:
D:6 exclusion: cyclops

▒...'....)..............▒▒▒
▒.▒▒▒......................
▒.▒ ▒.........▒▒▒▒▒▒▒▒▒.▒▒▒
▒.▒ ▒▒▒'▒...........▒.▒.▒
▒.▒ ▒.▒.▒▒▒▒▒▒▒▒▒.▒.▒.▒▒▒
▒.▒ ▒.▒.>[[..............
▒.▒ ▒.▒..▒▒▒<.....[.▒.▒▒▒
▒.▒ ▒.▒...........▒.▒'▒▒
▒.▒ ▒.▒▒g▒▒▒▒▒▒▒▒.▒....▒▒
▒.▒ ▒.▒.......Cp.......''
▒.▒ ▒.▒.▒▒▒▒▒▒▒▒▒.▒▒...▒▒
▒.▒ ▒.▒.▒ ▒.▒▒.^.▒ ▒.▒
▒.▒'▒▒▒ ▒.▒▒...▒ ▒.▒
▒.....▒ ▒.▒▒...▒
▒▒▒.▒▒▒▒▒.....▒ ▒.▒▒▒'▒▒
▒.............▒ ▒.▒ ..▒
▒▒▒▒▒▒▒▒▒▒....▒ ▒.▒ ..▒


You could see a death knight (reflects damage) and a cyclops.


Message History

Aim: an ice beast (moderately wounded, 82% to hit)
The searing ray hits the ice beast.
The ice beast is heavily wounded. (Press . to maintain the ray.)
The searing ray hits the ice beast!
The ice beast is almost dead.
The searing ray hits the ice beast!
You kill the ice beast!
You start resting.
Magic restored.
There is an open door here.
There is an open door here.
There is a large open door here.
A death knight is nearby!
A death knight is nearby!
A death knight is nearby!
The death knight shouts!
The death knight calls down the wrath of Yredelemnul upon you.
Your body is wracked with pain!
The cyclops shouts!
The death knight calls down the wrath of Yredelemnul upon you.
Your body is wracked with pain!
* * * LOW HITPOINT WARNING * * *
The death knight offers itself to Yredelemnul, and fills with unholy energy.
The cyclops throws a large rock.
The large rock hits you!!
* * * LOW HITPOINT WARNING * * *
The cyclops throws a large rock.
The large rock hits you!!
You die...

Action                   |  1- 3 |  4- 6 |  7- 9 || total
-------------------------+-------+-------+-------++-------
Melee: Dagger            |       |    22 |       ||    22
       Unarmed           |       |     3 |       ||     3
       Bite              |       |     2 |     7 ||     9
       Punch             |       |     2 |       ||     2
       Dire flail        |       |       |    55 ||    55
Throw: Dart              |       |     4 |       ||     4
 Cast: Magic Dart        |    61 |    43 |    72 ||   176
       Searing Ray       |       |     5 |    20 ||    25
 Stab: Sleeping          |       |       |     1 ||     1
Armor: Robe              |       |     3 |       ||     3
       Ring mail         |       |       |    36 ||    36
Dodge: Dodged            |     7 |    25 |    50 ||    82

Levels and vault maps discovered:
D:1:      kilobyte_arrival_exit_the_forest, layout_basic, chequers_mini_garden
D:2:      layout_basic, serial_shops, nicolae_shop_bloodbath_and_beyond,
          nicolae_diamond_shop, nicolae_shop_waterfront, basic_altar
D:3:      layout_basic, mainiacjoe_overflow_chevrons,
          mainiacjoe_overflow_small_starburst,
          mainiacjoe_overflow_catwalk_spiral
D:4:      layout_basic, uniq_edmund, uniq_pikel
D:5:      layout_basic, serial_glass, glass_columns_b, glass_columns_c,
          uniq_menkaure, uniq_sigmund
D:6:      minmay_cornered_nines, layout_basic

Notes
Turn   | Place    | Note
-------+----------+-------------------------------------------
     0 | D:1      | sanka the Gnoll Conjurer began the quest for the Orb.
     0 | D:1      | Reached XP level 1. HP: 13/13 MP: 6/6
   177 | D:1      | Reached XP level 2. HP: 19/19 MP: 5/7
   199 | D:1      | Learned a level 2 spell: Searing Ray
   554 | D:1      | Reached XP level 3. HP: 25/25 MP: 7/9
   619 | D:1      | Reached skill level 5 in Spellcasting
  1297 | D:2      | Found Weoremnu's Book Boutique.
  1305 | D:2      | Reached skill level 1 in Invocations
  1441 | D:2      | Reached skill level 1 in Fighting
  1441 | D:2      | Reached skill level 1 in Short Blades
  1441 | D:2      | Reached skill level 1 in Long Blades
  1441 | D:2      | Reached skill level 1 in Axes
  1441 | D:2      | Reached skill level 1 in Maces & Flails
  1441 | D:2      | Reached skill level 1 in Polearms
  1441 | D:2      | Reached skill level 1 in Staves
  1441 | D:2      | Reached skill level 1 in Slings
  1441 | D:2      | Reached skill level 1 in Bows
  1441 | D:2      | Reached skill level 1 in Crossbows
  1441 | D:2      | Reached skill level 1 in Throwing
  1441 | D:2      | Reached skill level 1 in Armour
  1441 | D:2      | Reached skill level 1 in Shields
  1441 | D:2      | Reached skill level 1 in Unarmed Combat
  1441 | D:2      | Reached skill level 1 in Evocations
  1458 | D:2      | Reached XP level 4. HP: 25/32 MP: 0/11
  1667 | D:2      | Found Goschaor's Magic Scroll Shop.
  1733 | D:2      | Found Fenade Zora's Weapon Shoppe.
  1815 | D:2      | Found a shimmering altar of Xom.
  2177 | D:3      | Found a glowing golden altar of the Shining One.
  2315 | D:3      | Found a shimmering blue altar of Sif Muna.
  2498 | D:3      | Found a shimmering altar of Xom.
  2519 | D:3      | Found a basalt altar of Yredelemnul.
  2870 | D:4      | Reached skill level 1 in Hexes
  2870 | D:4      | Reached skill level 1 in Summonings
  2870 | D:4      | Reached skill level 1 in Necromancy
  2870 | D:4      | Reached skill level 1 in Translocations
  2870 | D:4      | Reached skill level 1 in Transmutations
  2870 | D:4      | Reached skill level 1 in Fire Magic
  2870 | D:4      | Reached skill level 1 in Ice Magic
  2870 | D:4      | Reached skill level 1 in Air Magic
  2870 | D:4      | Reached skill level 1 in Earth Magic
  2870 | D:4      | Reached skill level 1 in Poison Magic
  3257 | D:4      | Noticed a lemure
  3293 | D:4      | Killed a lemure
  3298 | D:4      | Noticed Edmund
  3323 | D:4      | Killed Edmund
  3324 | D:4      | Reached XP level 5. HP: 37/37 MP: 2/12
  3442 | D:4      | Noticed Pikel
  3455 | D:4      | Killed Pikel
  3456 | D:4      | Reached skill level 2 in Fighting
  3456 | D:4      | Reached skill level 2 in Short Blades
  3456 | D:4      | Reached skill level 2 in Long Blades
  3456 | D:4      | Reached skill level 2 in Axes
  3456 | D:4      | Reached skill level 2 in Maces & Flails
  3456 | D:4      | Reached skill level 2 in Polearms
  3456 | D:4      | Reached skill level 2 in Staves
  3456 | D:4      | Reached skill level 2 in Slings
  3456 | D:4      | Reached skill level 2 in Bows
  3456 | D:4      | Reached skill level 2 in Crossbows
  3456 | D:4      | Reached skill level 2 in Throwing
  3456 | D:4      | Reached skill level 2 in Armour
  3456 | D:4      | Reached skill level 5 in Dodging
  3456 | D:4      | Reached skill level 2 in Shields
  3456 | D:4      | Reached skill level 2 in Unarmed Combat
  3456 | D:4      | Reached skill level 2 in Hexes
  3456 | D:4      | Reached skill level 2 in Summonings
  3456 | D:4      | Reached skill level 2 in Necromancy
  3456 | D:4      | Reached skill level 2 in Translocations
  3456 | D:4      | Reached skill level 2 in Transmutations
  3456 | D:4      | Reached skill level 2 in Fire Magic
  3456 | D:4      | Reached skill level 2 in Ice Magic
  3456 | D:4      | Reached skill level 2 in Air Magic
  3456 | D:4      | Reached skill level 2 in Earth Magic
  3456 | D:4      | Reached skill level 2 in Poison Magic
  3456 | D:4      | Reached skill level 2 in Invocations
  3456 | D:4      | Reached skill level 2 in Evocations
  3456 | D:4      | Reached XP level 6. HP: 32/46 MP: 2/14
  3456 | D:4      | Reached XP level 7. HP: 36/51 MP: 2/15
  3740 | D:4      | Reached skill level 5 in Stealth
  3740 | D:4      | Reached skill level 3 in Invocations
  4217 | D:5      | Entered Level 5 of the Dungeon
  4444 | D:5      | Reached XP level 8. HP: 57/57 MP: 14/16
  4471 | D:5      | Reached skill level 3 in Fighting
  4471 | D:5      | Reached skill level 3 in Short Blades
  4471 | D:5      | Reached skill level 3 in Long Blades
  4471 | D:5      | Reached skill level 3 in Axes
  4471 | D:5      | Reached skill level 3 in Maces & Flails
  4471 | D:5      | Reached skill level 3 in Polearms
  4471 | D:5      | Reached skill level 3 in Staves
  4471 | D:5      | Reached skill level 3 in Slings
  4471 | D:5      | Reached skill level 3 in Bows
  4471 | D:5      | Reached skill level 3 in Crossbows
  4471 | D:5      | Reached skill level 3 in Throwing
  4471 | D:5      | Reached skill level 3 in Armour
  4471 | D:5      | Reached skill level 3 in Shields
  4471 | D:5      | Reached skill level 3 in Unarmed Combat
  4471 | D:5      | Reached skill level 3 in Evocations
  4621 | D:5      | Noticed Menkaure
  4625 | D:5      | Killed Menkaure
  4823 | D:5      | Reached skill level 6 in Spellcasting
  5063 | D:5      | Noticed Sigmund
  5071 | D:5      | Killed Sigmund
  5531 | D:6      | Noticed a cyclops
  5538 | D:6      | Learned a level 4 spell: Fulminant Prism
  5700 | D:6      | Reached skill level 3 in Hexes
  5700 | D:6      | Reached skill level 3 in Summonings
  5700 | D:6      | Reached skill level 3 in Necromancy
  5700 | D:6      | Reached skill level 3 in Translocations
  5700 | D:6      | Reached skill level 3 in Transmutations
  5700 | D:6      | Reached skill level 3 in Fire Magic
  5700 | D:6      | Reached skill level 3 in Ice Magic
  5700 | D:6      | Reached skill level 3 in Air Magic
  5700 | D:6      | Reached skill level 3 in Earth Magic
  5700 | D:6      | Reached skill level 3 in Poison Magic
  5700 | D:6      | Reached skill level 4 in Invocations
  5836 | D:6      | Reached skill level 6 in Dodging
  5908 | D:6      | Noticed a death knight
  6134 | D:6      | Reached XP level 9. HP: 55/65 MP: 12/18
  6764 | D:6      | Reached skill level 4 in Fighting
  6764 | D:6      | Reached skill level 4 in Short Blades
  6764 | D:6      | Reached skill level 4 in Long Blades
  6764 | D:6      | Reached skill level 4 in Axes
  6764 | D:6      | Reached skill level 4 in Maces & Flails
  6764 | D:6      | Reached skill level 4 in Polearms
  6764 | D:6      | Reached skill level 4 in Staves
  6764 | D:6      | Reached skill level 4 in Slings
  6764 | D:6      | Reached skill level 4 in Bows
  6764 | D:6      | Reached skill level 4 in Crossbows
  6764 | D:6      | Reached skill level 4 in Throwing
  6764 | D:6      | Reached skill level 4 in Armour
  6764 | D:6      | Reached skill level 4 in Shields
  6764 | D:6      | Reached skill level 4 in Unarmed Combat
  6764 | D:6      | Reached skill level 4 in Evocations
  7328 | D:6      | HP: 5/65 [cyclops/large rock (18)]
  7329 | D:6      | Hit by a large rock thrown by a cyclops

Vanquished Creatures
  Pikel (D:4)
  Sigmund (D:5)
  Edmund (D:4)
  Menkaure (D:5)
  3 orc warriors
  An ice beast (D:6)
  An ogre (D:4)
  A necrophage (D:5)
  A phantom (D:6)
  A lemure (D:4)
  A kobold brigand (D:6)
  2 scorpions (D:6)
  A bullfrog zombie (D:6)
  A jelly (D:5)
  A bullfrog skeleton (D:5)
  2 orc priests (D:6)
  4 hounds
  A centaur skeleton (D:5)
  An iguana (D:5)
  A hound zombie (D:5)
  3 gnolls (D:5)
  3 adders
  2 shadow imps (D:6)
  2 ufetubi
  A worm (D:5)
  A dart slug (D:2)
  3 orcs
  6 bats
  6 endoplasms
  7 giant cockroaches
  4 goblins
  4 hobgoblins
  7 jackals
  3 quokkas
  15 ball pythons
  4 frilled lizards
  A jackal skeleton (D:4)
  5 kobolds
  A quokka skeleton (D:4)
  3 rats
108 creatures vanquished.
